 Dungeon Crawl Stone Soup version 0.14-a0-1444-g21dc12d (webtiles) character file.

1288 PolkaDot the Jinx (level 8, -12/52 HPs)
             Began as a Vampire Enchanter on Dec 13, 2013.
             Was an Initiate of Sif Muna.
             Mangled by an ogre
             ... wielding a +0,+0 giant club
              (20 damage)
             ... on Level 6 of the Dungeon.
             The game lasted 00:38:12 (6921 turns).

PolkaDot the Jinx (Vampire Enchanter)               Turns: 6921, Time: 00:38:13

HP -12/52        AC  5     Str  9      XL: 8   Next: 26%
MP  22/22        EV 12     Int 17      God: Sif Muna [......]
Gold 35          SH  0     Dex 14      Spells:  3 memorised,  1 level left

rFire  + + .     SeeInvis +     a - +0,+1 orc dagger (elec)
rCold  . . .     Clarity  .     w - +1 robe of the Blacksmith {+Inv rF++}
rNeg   + . .     Conserve .     (no shield)
rPois  .         rCorr    .     f - +0 wizard hat
rElec  .         rRot     .     o - +0 cloak {+Inv}
SustAb . .       Spirit   .     (no gloves)
rMut   .         Warding  .     l - +0 pair of boots
Saprov . . .     Stasis   .     (no amulet)
                                (no ring)
                                j - ring of magical power

@: somewhat resistant to hostile enchantments, very stealthy
A: bottle blood, fangs 3, see invisible, unbreathing
a: Bat Form, Bottle Blood, Renounce Religion, Evoke Invisibility


You were on level 6 of the Dungeon.
You worshipped Sif Muna.
Sif Muna was noncommittal.
You were not thirsty.

You visited 2 branches of the dungeon, and saw 7 of its levels.

You collected 211 gold pieces.
You spent 176 gold pieces at shops.

Inventory:

Hand weapons
 a - a +0,+1 orcish dagger of electrocution (weapon)
 i - a +1,+1 long sword of holy wrath
Missiles
 d - 12 darts (quivered)
Armour
 f - a +0 wizard hat (worn)
 g - a +1 robe
 l - a +0 pair of boots (worn)
 o - a +0 cloak of darkness (worn)
 w - the +1 robe of the Blacksmith (worn) {+Inv rF++}
   (You bought it in a shop on level 5 of the Dungeon)

   It greatly protects you from fire.
   It lets you turn invisible.
Magical devices
 s - a wand of draining (5)
 u - a wand of paralysis (9)
Scrolls
 b - a scroll of curse weapon {unknown}
 e - 4 scrolls of remove curse
 h - a scroll of teleportation
 t - a scroll of magic mapping
Jewellery
 j - a ring of magical power (left hand)
 k - an uncursed ring of teleportation
Potions
 m - a potion of agility
 n - a potion of speed {unknown}
 q - a potion of mutation {unknown}
 r - a potion of magic {unknown}
Books
 c - a book of Maledictions

   Spells                             Type                      Level
   *Corona                            Hexes                        1
   Sure Blade                         Hexes/Charms                 2
   Ensorcelled Hibernation            Hexes/Ice                    2
   *Confuse                           Hexes                        3
   Enslavement                        Hexes                        4
   *Invisibility                      Hexes                        6


   Skills:
 + Level 5.9 Short Blades
 - Level 0.7 Throwing
 - Level 2.1 Dodging
 + Level 7.8 Stealth
 - Level 2.0 Spellcasting
 * Level 10.7 Hexes


You had one spell level left.
You knew the following spells:

 Your Spells              Type           Power        Failure   Level  Hunger
a - Corona                Hex            #####..      1%          1    #......
c - Confuse               Hex            #####...     1%          3    ####...
i - Invisibility          Hex            #####...     38%         6    #######


Dungeon Overview and Level Annotations

Branches:
Dungeon (6/16)             Temple (1/1) D:6

Altars:
Cheibriados
Elyvilon
Fedhas
Kikubaaqudgha
Makhleb
Nemelex Xobeh
Sif Muna
Trog
Vehumet
Xom
Yredelemnul
Zin
the Shining One

Shops:
D:5 [


Innate Abilities, Weirdness & Mutations

You can bottle blood from corpses.
You have razor-sharp teeth.*
You have supernaturally acute eyesight.
You can survive without breathing.*


Message History

Read which item? (? for menu, Esc to quit)
As you read the scroll of fear, it crumbles to dust.
You assume a fearsome visage.
The hound looks frightened!
The ogre looks frightened!
The ogre resists with some effort.
The orc wizard shouts!
The orc wizard casts a spell at you. The puff of flame hits you! You resist.
* * * LOW HITPOINT WARNING * * *
Unknown command.
The orc wizard casts a spell.
You feel a wave of unholy energy pass over you.
The hound barks!
The hound bites you but does no damage. The hound barely misses you.
There is a stone staircase leading up here.
The hound barely misses you. The hound barely misses you.
The hound bites you but does no damage. The ogre hits you with a giant club!
You die...

*,,*,* #.....# #...#.#.##..#
*,,#.###.....#####...#.#.##..##
*,........!..?......o..........
*,*#.###.............#.........
***,**....[................o.....
,,,,,####..........#############
,,,,,,***#..........#############
,,,,,,,,.........O..<............
,,,,,,**###.....@Oh..............
,,,,,,* ####......#############
******* #......# # ######## #


You could see 2 ogres and a hound.

Vanquished Creatures
  A sky beast (D:6)
  An ogre (D:6)
  2 phantoms
  4 wights (D:6)
  2 hounds
  An orc priest (D:4)
  Crazy Yiuf (D:4)
  4 orc wizards
  An iguana (D:5)
  7 worker ants
  An ogre skeleton (D:4)
  9 adders
  6 gnolls (D:2)
  2 giant mites
  4 worms
  A giant gecko (D:4)
  20 orcs
  A ball python (D:5)
  10 bats
  2 giant cockroaches
  8 goblins
  11 hobgoblins
  An ooze (D:4)
  6 giant newts
  A giant newt skeleton (D:4)
  A gnoll zombie (D:5)
  A hobgoblin skeleton (D:5)
  12 kobolds
  4 quokkas
  9 rats
  A fungus (D:3)
135 creatures vanquished.

Vanquished Creatures (others)
  2 plants (D:3)
2 creatures vanquished.

Grand Total: 137 creatures vanquished

Notes
Turn   | Place    | Note
--------------------------------------------------------------
     0 | D:1      | PolkaDot, the Vampire Enchanter, began the quest for the Orb.
     0 | D:1      | Reached XP level 1. HP: 13/13 MP: 3/3
   232 | D:1      | Reached XP level 2. HP: 11/19 MP: 4/4
   820 | D:2      | Reached XP level 3. HP: 24/24 MP: 6/6
  1083 | D:2      | Learned a level 3 spell: Confuse
  1235 | D:2      | Reached skill level 5 in Hexes
  1421 | D:2      | Reached XP level 4. HP: 30/30 MP: 3/7
  1766 | D:2      | Reached skill level 6 in Hexes
  2016 | D:3      | Found a glowing golden altar of the Shining One.
  2324 | D:3      | Reached XP level 5. HP: 35/35 MP: 9/9
  2794 | D:3      | Found a blossoming altar of Fedhas.
  3588 | D:4      | Reached skill level 5 in Stealth
  3588 | D:4      | Reached skill level 7 in Hexes
  3708 | D:4      | Reached XP level 6. HP: 36/41 MP: 6/10
  3909 | D:4      | Noticed a phantom
  4004 | D:4      | Killed a phantom
  4557 | D:4      | Reached skill level 8 in Hexes
  4807 | D:4      | Reached XP level 7. HP: 30/46 MP: 12/12
  5289 | D:4      | Noticed Crazy Yiuf
  5298 | D:4      | Learned a level 6 spell: Invisibility
  5396 | D:4      | Paralysed by miscasting Invisibility for 2 turns
  5747 | D:4      | Killed Crazy Yiuf
  5747 | D:4      | Reached skill level 5 in Short Blades
  5830 | D:5      | Entered Level 5 of the Dungeon
  5852 | D:5      | Reached skill level 9 in Hexes
  6267 | D:5      | Found Thriecim's Antique Armour Shoppe.
  6280 | D:5      | Bought a creamy pearl robe for 176 gold pieces
  6287 | D:5      | Identified the cursed +1 robe of the Blacksmith {+Inv rF++} (You bought it in a shop on level 5 of the Dungeon)
  6491 | D:6      | Reached skill level 10 in Hexes
  6522 | D:6      | Found a staircase to the Ecumenical Temple.
  6528 | Temple   | Entered the Ecumenical Temple
  6588 | Temple   | Became a worshipper of Sif Muna the Loreminder
  6650 | D:6      | Reached XP level 8. HP: 32/52 MP: 13/13
  6875 | D:6      | HP: 1/52 [ogre/giant spiked club (30)]
  6921 | D:6      | Mangled by an ogre

Action                   |  1- 3 |  4- 6 |  7- 9 || total
-------------------------+-------+-------+-------++-------
Melee: Dagger            |   103 |   215 |    91 ||   409
       Short sword       |     2 |   123 |    28 ||   153
 Cast: Confuse           |     8 |    44 |    12 ||    64
       Invisibility      |       |       |     1 ||     1
 Abil: End Transformatio |       |     1 |       ||     1
       Bat Form          |       |     1 |       ||     1
Evoke: Wand              |       |       |     3 ||     3
  Use: Potion            |     3 |     4 |     1 ||     8
       Scroll            |     3 |     7 |     5 ||    15
 Stab: Sleeping          |     3 |    12 |    10 ||    25
       Distracted        |     1 |       |       ||     1
       Confused          |     3 |    22 |     8 ||    33
